 Dungeon Crawl Stone Soup version 0.22.1-6-g1668fe2c40 (webtiles) character file.

209 Kohma the Grave Robber (level 5, -15/42 HPs)
             Began as a Deep Dwarf Necromancer on Jan 20, 2019.
             Demolished by an ogre
             ... wielding a +0 giant spiked club
              (17 damage)
             ... on level 4 of the Dungeon.
             The game lasted 00:13:34 (2380 turns).

Kohma the Grave Robber (Deep Dwarf Necromancer)     Turns: 2380, Time: 00:13:35

Health: -15/42     AC:  6    Str: 11    XL:     5   Next: 55%
Magic:  2/8        EV: 15    Int: 17    God:
Gold:   168        SH:  0    Dex: 18    Spells: 4/9 levels left

rFire    . . .     SeeInvis .   l - +0 dagger (venom)
rCold    . . .     Gourm    .   (no shield)
rNeg     . . .     Faith    .   i - +0 scale mail (curse)
rPois    .         Spirit   .   (no helmet)
rElec    .         Reflect  .   (no cloak)
rCorr    .         Harm     .   (no gloves)
MR       .....                  (no boots)
Stlth    ++........             (no amulet)
HPRegen  0.00/turn              (no ring)
MPRegen  0.11/turn              (no ring)

@: agile, lethally poisoned (-15 -> -15), very slightly contaminated,
non-regenerating
A: damage resistance, heal wounds, sense surroundings 1, no regeneration
a: Heal Wounds


You were on level 4 of the Dungeon.
You were not hungry.

You visited 1 branch of the dungeon, and saw 3 of its levels.

You collected 168 gold pieces.

Inventory:

Hand Weapons
 l - a +0 dagger of venom (weapon)
Missiles
 g - 48 stones (quivered)
 m - 33 bolts
Armour
 a - a +0 robe
 f - a +0 ring mail
 i - a cursed +0 scale mail (worn)
 o - a +0 chain mail of fire resistance
Scrolls
 j - 4 scrolls of amnesia
Potions
 b - a potion of agility
 e - a potion of brilliance
 h - a potion of might {unknown}
 k - a potion of flight {unknown}
 n - a potion of haste {unknown}
 q - a potion of curing {unknown}
Comestibles
 c - 5 rations
 d - 3 chunks of flesh


   Skills:
 - Level 0.1 Fighting
 - Level 0.2 Short Blades
 - Level 0.4 Armour
 + Level 3.7 Dodging
 - Level 2.4 Stealth
 + Level 2.6 Spellcasting
 * Level 6.2 Necromancy


You had 4 spell levels left.
You knew the following spells:

 Your Spells              Type           Power        Failure   Level  Hunger
a - Pain                  Necr           ###.         9%          1    #......
b - Animate Skeleton      Necr           N/A          9%          1    #......
c - Vampiric Draining     Necr           ###.......   26%         3    ###....

Your spell library contained the following spells:

 Spells                   Type           Power        Failure   Level  Hunger
 Animate Dead             Necr           N/A          65%         4    #####..
 Regeneration             Chrm/Necr      Unusable     N/A         3    N/A

Dungeon Overview and Level Annotations

Branches:
Dungeon (2/15)

Altars:


Innate Abilities, Weirdness & Mutations

You are resistant to damage.
You can heal yourself by infusing magical energy.
You passively map a small area around you.
You do not regenerate.


Message History

The ogre hits you with a giant spiked club!!
Ouch! That really hurt!
* * * LOW HITPOINT WARNING * * *
The worker ant bites you.
You are more poisoned.
The worker ant poisons you!
Okay, then.
You feel agile all of a sudden. The worker ant bites you.
* * * LOW HITPOINT WARNING * * *
The ogre barely misses you.
Unknown command.
You hit the ogre.
The ogre is poisoned.
The ogre is lightly wounded.
The worker ant barely misses you.
You hit the ogre but do no damage.
The ogre looks as sick as possible!
The ogre is lightly wounded.
The worker ant misses you.
The ogre hits you with a giant spiked club!!
You die...

###...###..#.#.#.###.####.#######
......###.....(##.......#........
####..##.....###..........####..#
# #..##.#...# #.######.#.# *.. #
#..##.#...# #.# ####.#.# #.#
####..##.#...# #.# #....#.####...
......##.#.).# #.# #....O...†.†.#
.####Z#.#....# #a# #....#.#####..
.# #..###...# #@# ##.#.#.# * #
.######Z#Z..## #O# #O#.#.# ,,
........>#..# #.# #...#.# *
.....##..#..# #.####..##.# *
.#.#.##..#..# #....†.....#
.#.#.##..#..# ######..#### ,
.#.#.##..#..# #..# ............#
#..# * .#.#........# #..#


You could see an ogre and a worker ant.

Vanquished Creatures
  A hound (D:4)
  An orc priest (D:4)
  2 worker ants
  3 adders
  3 dart slugs
  3 leopard geckos
  6 orcs (D:4)
  2 bats
  2 goblins
  9 hobgoblins (D:1)
  2 quokkas
  A frilled lizard (D:1)
  4 kobolds
  11 rats
50 creatures vanquished.

Vanquished Creatures (collateral kills)
  An adder (D:4)
  An ooze (D:1)
  A bat (D:1)
  A giant cockroach (D:1)
  A kobold (D:1)
5 creatures vanquished.

Grand Total: 55 creatures vanquished

Notes
Turn   | Place    | Note
-------+----------+-------------------------------------------
     0 | D:1      | Kohma the Deep Dwarf Necromancer began the quest for the
                  | Orb.
     0 | D:1      | Reached XP level 1. HP: 15/15 MP: 3/3
   600 | D:1      | Reached XP level 2. HP: 14/22 MP: 1/4
   603 | D:1      | Learned a level 1 spell: Animate Skeleton
  1391 | D:1      | Reached skill level 5 in Necromancy
  1401 | D:1      | Reached XP level 3. HP: 18/28 MP: 0/5
  1860 | D:2      | Learned a level 3 spell: Vampiric Draining
  1936 | D:2      | Reached XP level 4. HP: 12/36 MP: 4/7
  2071 | D:2      | You fall through a shaft for 2 floors!
  2159 | D:4      | Reached XP level 5. HP: 34/42 MP: 8/8
  2258 | D:4      | Reached skill level 6 in Necromancy
  2336 | D:4      | Noticed an ogre
  2378 | D:4      | HP: 2/42 [worker ant (2)]
  2380 | D:4      | Demolished by an ogre

Skill      XL: |  1  2  3  4  5 |
---------------+----------------+-----
Necromancy     | 5 6 |  6.2
Spellcasting   | 2 |  2.6
Dodging        | 3 |  3.7
Fighting       | |  0.1
Short Blades   | |  0.2
Armour         | |  0.4
Stealth        | |  2.4

Action                   |  1- 3 |  4- 6 || total
-------------------------+-------+-------++-------
Melee: Dagger            |   102 |    66 ||   168
       Unarmed           |     7 |       ||     7
 Cast: Pain              |    28 |    11 ||    39
       Animate Skeleton  |    11 |     5 ||    16
 Abil: Heal Wounds       |     1 |     2 ||     3
  Use: Scroll            |     3 |     4 ||     7
       Potion            |       |     1 ||     1
  Eat: Chunk             |     4 |     2 ||     6
Armor: Robe              |     5 |       ||     5
       Scale mail        |    52 |    31 ||    83
Dodge: Dodged            |    74 |    39 ||   113
